Canucks vs Mammoth
Created - December 2, 2025 at 19:01
Goals
|
| Canucks |
0 |
1 |
0 |
1 |
| Mammoth |
0 |
1 |
2 |
3 |
|
Shots
|
| Canucks |
11 |
13 |
3 |
27 |
| Mammoth |
13 |
4 |
12 |
29 |
|
1st period
No Goal
Penalties :
Jacob Trouba (Uta) for Slashing (Minor) at 0:38
2nd period
1. Mammoth , Kasperi Kapanen 5 (Cal Foote 4) at 14:54
2. Canucks , Yanni Gourde 3 (Tyler Cuma 2) at 16:41
Penalties :
Nick Ritchie (Uta) for Roughing (Minor) at 1:37, Blake Heinrich (Uta) for High sticking (Minor) at 6:47, Kevin Hayes (Uta) for Interference (Minor) at 19:29
3rd period
3. Mammoth , Kevin Hayes 3 (Samuel Morin 8, Kasperi Kapanen 4) at 15:17
4. Mammoth , Samuel Morin 3 (Hampus Lindholm 10, Jacob Trouba 6) at 19:37 (Empty Net)
Penalties :
Ryan O'Reilly (Van) for Hooking (Minor) at 6:41, Blake Heinrich (Uta) for Diving (Minor) at 12:09
Goalie Stats
Thatcher Demko (Van), 26 saves from 28 shots - (0.929), L, 1-1-0, 59:38 minutes
Steve Mason (Uta), 26 saves from 27 shots - (0.963), W, 4-3-0, 60:00 minutes
Players Stats for Canucks
Player Name G A P +/- PIM S H SB GA TA FO MP PP MP PK MP
------------------------------------------------------------------------------------
Ben Harpur 0 0 0 0 0 0 1 0 0 1 0/0 11:23 0:19 0:00
Brock Boeser 0 0 0 0 0 0 2 0 0 0 0/0 17:11 4:29 0:00
Chris Tierney 0 0 0 -1 0 5 1 0 2 2 16/30 22:28 5:26 0:27
Curtis Lazar 0 0 0 -1 0 0 0 2 0 0 0/0 7:20 0:00 0:00
Daniel Zaar 0 0 0 0 0 0 0 0 0 0 0/0 11:26 0:00 0:00
J.T. Miller 0 0 0 -1 0 7 0 0 0 0 3/6 23:07 5:26 1:32
Jake Dotchin 0 0 0 0 0 0 0 1 0 0 0/0 11:23 0:19 0:00
Jordan Eberle 0 0 0 -1 0 1 2 0 0 0 1/2 23:07 5:26 1:32
Mark Jankowski 0 0 0 0 0 3 1 0 0 0 1/2 17:11 4:29 0:00
Nicolas Petan 0 0 0 -1 0 1 0 0 0 0 2/4 7:23 0:00 0:00
Oliver Ekman-Larsson 0 0 0 -1 0 1 2 4 2 2 0/0 27:44 6:18 1:17
Pavel Gogolev 0 0 0 -1 0 0 0 0 0 0 0/0 7:20 0:00 0:00
Ryan Lomberg 0 0 0 0 0 1 0 0 0 0 0/0 11:29 0:00 0:00
Ryan O'Reilly 0 0 0 0 2 0 1 0 0 0 5/6 11:54 0:00 0:00
Tony DeAngelo 0 0 0 -1 0 1 0 1 0 0 0/0 20:53 3:18 0:42
Travis Hamonic 0 0 0 -1 0 2 1 3 0 1 0/0 27:44 6:18 1:17
Tyler Cuma 0 1 1 -1 0 0 1 1 0 0 0/0 20:53 3:18 0:42
Yanni Gourde 1 0 1 0 0 5 3 0 0 0 4/10 18:04 4:29 0:27
Players Stats for Mammoth
Player Name G A P +/- PIM S H SB GA TA FO MP PP MP PK MP
------------------------------------------------------------------------------------
Blake Heinrich 0 0 0 2 4 0 0 0 0 0 0/0 12:55 0:00 0:00
Brian Lashoff 0 0 0 -1 0 1 0 1 0 0 0/0 20:11 0:34 2:39
Cal Foote 0 1 1 2 0 0 2 3 1 2 0/0 16:14 0:00 3:17
Calle Jarnkrok 0 0 0 0 0 2 1 1 0 0 7/11 12:07 0:00 0:00
Hampus Lindholm 0 1 1 1 0 3 2 0 1 0 0/0 27:01 1:25 7:16
Jacob Trouba 0 1 1 1 2 0 0 3 1 2 0/0 25:43 1:25 5:54
Joe Snively 0 0 0 0 0 0 0 0 0 0 0/0 7:30 0:00 1:48
Jordan Nolan 0 0 0 0 0 3 4 0 1 0 14/24 17:27 1:07 0:00
Kasperi Kapanen 1 1 2 1 0 2 0 1 0 0 0/1 13:49 0:52 0:00
Kevin Hayes 1 0 1 2 2 4 3 0 0 0 0/9 17:05 0:52 2:19
Luke Glendening 0 0 0 1 0 0 0 1 0 0 5/9 12:18 0:00 5:48
Max Pacioretty 0 0 0 0 0 2 1 1 0 0 0/0 16:23 0:00 4:02
Michael Bournival 0 0 0 0 0 0 0 0 0 0 0/0 5:42 0:00 0:07
Nathan Beaulieu 0 0 0 -1 0 0 0 0 0 0 0/0 18:07 0:34 0:44
Nick Ritchie 0 0 0 0 2 3 1 0 1 0 2/2 17:26 1:07 0:00
Niclas Bergfors 0 0 0 0 0 1 1 0 0 0 0/1 12:07 0:00 0:00
Samuel Morin 1 1 2 2 0 5 2 0 1 0 0/2 20:28 0:52 5:46
Travis Konecny 0 0 0 0 0 3 0 0 0 0 0/1 17:27 1:07 0:00
3 Stars
1 - Samuel Morin (Uta)
2 - Kasperi Kapanen (Uta)
3 - Steve Mason (Uta)
Power Play
Canucks - 0 on 5 Attempt(s) - 0.00%
Mammoth - 0 on 1 Attempt(s) - 0.00%
Penalty Kill
Canucks - 1 on 1 Attempt(s) - 100.00%
- Score 0 goal in Penalty Kill
Mammoth - 5 on 5 Attempt(s) - 100.00%
- Score 0 goal in Penalty Kill
Team Stat
Canucks - Hits : 15 - Faceoff Wins : 32 - Blocked Shots : 12 - Penalty Minutes : 2
Mammoth - Hits : 17 - Faceoff Wins : 28 - Blocked Shots : 11 - Penalty Minutes : 10
Official
Referees : Ghislain Hebert and Justin St. Pierre
Linesman : Greg Devorski and Steve Miller
Game Notes
Samuel Morin has scored in a empty net!
Finance
Level 1 -- Attendance: 5619 (93.65%) -- Ticket Income $561,900
Level 2 -- Attendance: 5000 (100.00%) -- Ticket Income $350,000
Level 3 -- Attendance: 2000 (100.00%) -- Ticket Income $80,000
Level 4 -- Attendance: 3676 (91.90%) -- Ticket Income $110,280
Luxury Box -- Attendance: 986 (98.60%) -- Ticket Income $197,200
Game was played at the Delta Center.
Total Attendance: 17281 (96.01%)
Total Ticket Income: $1,299,380
Other Income: $194,907
Total Income: $1,494,287
Canucks
5 vs 5 Forward
Center Left Wing Right Wing Time % Phy DF OF
1 Chris Tierney J.T. Miller Jordan Eberle 40 1 2 2
2 Yanni Gourde Mark Jankowski Brock Boeser 30 1 2 2
3 Ryan O'Reilly Ryan Lomberg Daniel Zaar 20 1 2 2
4 Nicolas Petan Pavel Gogolev Curtis Lazar 10 1 2 2
5 vs 5 Defense
Defense Defense Time % Phy DF OF
1 Oliver Ekman-Larsson Travis Hamonic 40 1 2 2
2 Tyler Cuma Tony DeAngelo 30 1 2 2
3 Ben Harpur Jake Dotchin 20 1 2 2
4 Oliver Ekman-Larsson Travis Hamonic 10 1 2 2
PowerPlay Forward
Center Left Wing Right Wing Time % Phy DF OF
1 Chris Tierney J.T. Miller Jordan Eberle 60 1 2 2
2 Yanni Gourde Mark Jankowski Brock Boeser 40 1 2 2
PowerPlay Defense
Defense Defense Time % Phy DF OF
1 Oliver Ekman-Larsson Travis Hamonic 60 1 2 2
2 Tyler Cuma Tony DeAngelo 40 1 2 2
Penalty Kill 4 Players Forward
Center Wing Time % Phy DF OF
1 J.T. Miller Jordan Eberle 60 1 2 2
2 Chris Tierney Yanni Gourde 40 1 2 2
Penalty Kill 4 Players Defense
Defense Defense Time % Phy DF OF
1 Oliver Ekman-Larsson Travis Hamonic 60 1 2 2
2 Tyler Cuma Tony DeAngelo 40 1 2 2
Penalty Kill - 3 Players Forward
Forward Time % Phy DF OF
1 J.T. Miller 60 1 2 2
2 Jordan Eberle 40 1 2 2
Penalty Kill - 3 Players Defense
Defense Defense Time % Phy DF OF
1 Oliver Ekman-Larsson Travis Hamonic 60 1 2 2
2 Tyler Cuma Tony DeAngelo 40 1 2 2
4 vs 4 Forward
Center Wing Time % Phy DF OF
1 J.T. Miller Jordan Eberle 60 1 2 2
2 Chris Tierney Yanni Gourde 40 1 2 2
4 vs 4 Defense
Defense Defense Time % Phy DF OF
1 Oliver Ekman-Larsson Travis Hamonic 60 1 2 2
2 Tyler Cuma Tony DeAngelo 40 1 2 2
Last Minutes Offensive
Center Left Wing Right Wing Defense Defense
Chris Tierney J.T. Miller Jordan Eberle Oliver Ekman-Larsson Travis Hamonic
Last Minutes Defensive
Center Left Wing Right Wing Defense Defense
Chris Tierney J.T. Miller Jordan Eberle Oliver Ekman-Larsson Travis Hamonic
Goaltenders
Starting : Thatcher Demko
Backup : Petr Mrazek
Extra Forwards
Normal : Ryan O'Reilly, Nicolas Petan, Ryan Lomberg - PP : Ryan O'Reilly, Nicolas Petan - PK : Ryan Lomberg
Extra Defensemen
Normal : Ben Harpur, Jake Dotchin, Tyler Cuma - PP : Ben Harpur - PK : Jake Dotchin, Tyler Cuma
Penalty Shots
J.T. Miller, Jordan Eberle, Chris Tierney, Yanni Gourde, Brock Boeser
Custom OT Lines Forwards
J.T. Miller, Jordan Eberle, Chris Tierney, Yanni Gourde, Brock Boeser, Ryan O'Reilly, Nicolas Petan, Mark Jankowski, Ryan Lomberg, Daniel Zaar
Custom OT Lines Defensemen
Oliver Ekman-Larsson, Travis Hamonic, Tyler Cuma, Tony DeAngelo, Ben Harpur
Scratches
Denis Gurianov (Left Knee Injury)
Mammoth
5 vs 5 Forward
Center Left Wing Right Wing Time % Phy DF OF
1 Jordan Nolan Nick Ritchie Travis Konecny 40 0 2 3
2 Kevin Hayes Samuel Morin Kasperi Kapanen 30 0 2 3
3 Calle Jarnkrok Max Pacioretty Niclas Bergfors 22 0 3 2
4 Joe Snively Michael Bournival Luke Glendening 8 1 3 1
5 vs 5 Defense
Defense Defense Time % Phy DF OF
1 Hampus Lindholm Jacob Trouba 40 0 3 2
2 Brian Lashoff Nathan Beaulieu 35 0 2 3
3 Cal Foote Blake Heinrich 25 0 3 2
4 Hampus Lindholm Jacob Trouba 0 0 2 3
PowerPlay Forward
Center Left Wing Right Wing Time % Phy DF OF
1 Jordan Nolan Nick Ritchie Travis Konecny 55 0 1 4
2 Kevin Hayes Samuel Morin Kasperi Kapanen 45 0 1 4
PowerPlay Defense
Defense Defense Time % Phy DF OF
1 Hampus Lindholm Jacob Trouba 55 0 1 4
2 Brian Lashoff Nathan Beaulieu 45 0 1 4
Penalty Kill 4 Players Forward
Center Wing Time % Phy DF OF
1 Luke Glendening Samuel Morin 60 1 4 0
2 Kevin Hayes Max Pacioretty 40 1 4 0
Penalty Kill 4 Players Defense
Defense Defense Time % Phy DF OF
1 Hampus Lindholm Jacob Trouba 55 1 4 0
2 Brian Lashoff Cal Foote 45 1 4 0
Penalty Kill - 3 Players Forward
Forward Time % Phy DF OF
1 Luke Glendening 55 1 4 0
2 Kevin Hayes 45 1 4 0
Penalty Kill - 3 Players Defense
Defense Defense Time % Phy DF OF
1 Hampus Lindholm Jacob Trouba 55 1 4 0
2 Brian Lashoff Cal Foote 45 1 4 0
4 vs 4 Forward
Center Wing Time % Phy DF OF
1 Jordan Nolan Nick Ritchie 55 0 2 3
2 Kevin Hayes Travis Konecny 45 0 2 3
4 vs 4 Defense
Defense Defense Time % Phy DF OF
1 Hampus Lindholm Jacob Trouba 55 0 3 2
2 Brian Lashoff Nathan Beaulieu 45 0 3 2
Last Minutes Offensive
Center Left Wing Right Wing Defense Defense
Jordan Nolan Nick Ritchie Travis Konecny Hampus Lindholm Jacob Trouba
Last Minutes Defensive
Center Left Wing Right Wing Defense Defense
Kevin Hayes Samuel Morin Luke Glendening Hampus Lindholm Jacob Trouba
Goaltenders
Starting : Steve Mason
Backup : Ilya Sorokin
Extra Forwards
Normal : Kasperi Kapanen, Nick Ritchie, Kevin Hayes - PP : Samuel Morin, Kevin Hayes - PK : Samuel Morin
Extra Defensemen
Normal : Nathan Beaulieu, Cal Foote, Blake Heinrich - PP : Nathan Beaulieu - PK : Cal Foote, Nathan Beaulieu
Penalty Shots
Nick Ritchie, Jordan Nolan, Kasperi Kapanen, Travis Konecny, Samuel Morin
Custom OT Lines Forwards
Travis Konecny, Jordan Nolan, Nick Ritchie, Kasperi Kapanen, Samuel Morin, Kevin Hayes, Niclas Bergfors, Max Pacioretty, Calle Jarnkrok, Michael Bournival
Custom OT Lines Defensemen
Hampus Lindholm, Jacob Trouba, Brian Lashoff, Nathan Beaulieu, Cal Foote
Scratches
None
% Time on Ice - Canucks
Lines # - Real PCT - Wanted PCT - Time Play
Normal Forward
1 - 33% - 40% - 15:39
2 - 28% - 30% - 13:08
3 - 24% - 20% - 11:26
4 - 15% - 10% - 7:20
Normal Defense
1 - 39% - 40% - 18:25
2 - 35% - 30% - 16:43
3 - 23% - 20% - 10:48
4 - 3% - 10% - 1:37
PP Forward
1 - 55% - 60% - 5:26
2 - 45% - 40% - 4:29
PP Defense
1 - 67% - 60% - 6:37
2 - 33% - 40% - 3:18
PK Forward
1 - 77% - 60% - 1:32
2 - 23% - 40% - 0:27
PK Defense
1 - 65% - 60% - 1:17
2 - 35% - 40% - 0:42
PK3 Forward
1 - 0% - 60%
2 - 0% - 40%
PK3 Defense
1 - 0% - 60%
2 - 0% - 40%
44 Forward
1 - 0% - 60%
2 - 0% - 40%
44 Defense
1 - 0% - 60%
2 - 0% - 40%
Last Minute Offensive - 0:33
Last Minute Defensive - 0:00
Total
Forward - 60:00
Defense - 60:00
|
% Time on Ice - Mammoth
Lines # - Real PCT - Wanted PCT - Time Play
Normal Forward
1 - 35% - 40% - 16:39
2 - 27% - 30% - 12:57
3 - 26% - 22% - 12:07
4 - 12% - 8% - 5:30
Normal Defense
1 - 37% - 40% - 17:27
2 - 36% - 35% - 16:58
3 - 27% - 25% - 12:48
4 - 0% - 0% - 0:00
PP Forward
1 - 56% - 55% - 1:07
2 - 44% - 45% - 0:52
PP Defense
1 - 71% - 55% - 1:25
2 - 29% - 45% - 0:34
PK Forward
1 - 70% - 60% - 6:58
2 - 30% - 40% - 2:57
PK Defense
1 - 73% - 55% - 7:16
2 - 27% - 45% - 2:39
PK3 Forward
1 - 0% - 55%
2 - 0% - 45%
PK3 Defense
1 - 0% - 55%
2 - 0% - 45%
44 Forward
1 - 0% - 55%
2 - 0% - 45%
44 Defense
1 - 0% - 55%
2 - 0% - 45%
Last Minute Offensive - 0:00
Last Minute Defensive - 0:53
Total
Forward - 60:00
Defense - 60:00
|
Play-by-Play
1st period
0:01 of 1st period - Jordan Nolan wins face-off versus Jordan Eberle in neutral zone.
0:12 of 1st period - Slapshot by Jordan Nolan.
0:12 of 1st period - Stopped by Thatcher Demko with a rebound.
0:14 of 1st period - Wrist shot by Jordan Nolan.
0:14 of 1st period - Stopped by Thatcher Demko with a rebound.
0:16 of 1st period - Slapshot by Hampus Lindholm.
0:16 of 1st period - Shot Blocked by Oliver Ekman-Larsson.
0:26 of 1st period - Samuel Morin is hit by Yanni Gourde and loses puck.
0:38 of 1st period - Minor Penalty to Jacob Trouba for Slashing.
0:39 of 1st period - Chris Tierney wins face-off versus Luke Glendening in Mammoth zone.
0:49 of 1st period - Snap shot by J.T. Miller.
0:49 of 1st period - Stopped by Steve Mason with a rebound.
0:51 of 1st period - Wrist shot by Chris Tierney.
0:51 of 1st period - Shot Misses the Net.
1:05 of 1st period - Samuel Morin is hit by Brock Boeser.
2:37 of 1st period - Brian Lashoff is hit by Mark Jankowski and loses puck.
2:38 of 1st period - Penalty to Jacob Trouba is over, Jacob Trouba is back on ice.
2:52 of 1st period - Slapshot by Jordan Nolan.
2:52 of 1st period - Deflect By Travis Konecny.
2:52 of 1st period - Shot Misses the Net.
2:52 of 1st period - Puck is out of play.
2:53 of 1st period - Ryan O'Reilly wins face-off versus Jordan Nolan in Canucks zone.
3:10 of 1st period - Ben Harpur is hit by Jordan Nolan.
3:24 of 1st period - Slapshot by Oliver Ekman-Larsson.
3:24 of 1st period - Stopped by Steve Mason without a rebound.
3:25 of 1st period - Chris Tierney wins face-off versus Kasperi Kapanen in Mammoth zone.
3:40 of 1st period - Slapshot by J.T. Miller.
3:40 of 1st period - Stopped by Steve Mason without a rebound.
3:41 of 1st period - Calle Jarnkrok wins face-off versus Yanni Gourde in Mammoth zone.
4:14 of 1st period - Jordan Nolan is hit by Jordan Eberle and loses puck.
4:35 of 1st period - Wrist shot by Kevin Hayes.
4:35 of 1st period - Stopped by Thatcher Demko with a rebound.
4:37 of 1st period - Wrist shot by Samuel Morin.
4:37 of 1st period - Shot Blocked by Travis Hamonic.
5:05 of 1st period - Wrist shot by Nicolas Petan.
5:05 of 1st period - Stopped by Steve Mason without a rebound.
5:06 of 1st period - Calle Jarnkrok wins face-off versus Chris Tierney in Mammoth zone.
5:19 of 1st period - Snap shot by Jordan Eberle.
5:19 of 1st period - Stopped by Steve Mason without a rebound.
5:20 of 1st period - Jordan Nolan wins face-off versus Chris Tierney in Mammoth zone.
5:35 of 1st period - Wrist shot by Chris Tierney.
5:35 of 1st period - Shot Blocked by Jacob Trouba.
6:30 of 1st period - Joe Snively is hit by Oliver Ekman-Larsson and loses puck.
6:46 of 1st period - Icing by Nathan Beaulieu.
6:47 of 1st period - Chris Tierney wins face-off versus Jordan Nolan in Mammoth zone.
6:48 of 1st period - Snap shot by J.T. Miller.
6:48 of 1st period - Shot Misses the Net.
7:00 of 1st period - J.T. Miller is hit by Jordan Nolan and loses puck.
7:13 of 1st period - Tony DeAngelo is hit by Hampus Lindholm and loses puck.
7:20 of 1st period - Backhand shot by Calle Jarnkrok.
7:20 of 1st period - Stopped by Thatcher Demko with a rebound.
7:40 of 1st period - Slapshot by Hampus Lindholm.
7:40 of 1st period - Stopped by Thatcher Demko without a rebound.
7:41 of 1st period - Luke Glendening wins face-off versus Yanni Gourde in Canucks zone.
8:48 of 1st period - Snap shot by Max Pacioretty.
8:48 of 1st period - Stopped by Thatcher Demko without a rebound.
8:49 of 1st period - Calle Jarnkrok wins face-off versus Yanni Gourde in Canucks zone.
9:02 of 1st period - Snap shot by Max Pacioretty.
9:02 of 1st period - Shot Misses the Net.
9:14 of 1st period - Wrist shot by Niclas Bergfors.
9:14 of 1st period - Shot Blocked by Tyler Cuma.
9:25 of 1st period - Off-side.
9:26 of 1st period - Jordan Nolan wins face-off versus J.T. Miller in neutral zone.
9:53 of 1st period - Nathan Beaulieu is hit by Ryan O'Reilly and loses puck.
10:24 of 1st period - Wrist shot by Samuel Morin.
10:24 of 1st period - Stopped by Thatcher Demko without a rebound.
10:25 of 1st period - Nick Ritchie wins face-off versus Chris Tierney in Canucks zone.
10:36 of 1st period - Snap shot by Nick Ritchie.
10:36 of 1st period - Stopped by Thatcher Demko without a rebound.
10:37 of 1st period - Jordan Nolan wins face-off versus Chris Tierney in Canucks zone.
10:49 of 1st period - Wrist shot by Nick Ritchie.
10:49 of 1st period - Shot Misses the Net.
10:54 of 1st period - Icing by J.T. Miller.
10:55 of 1st period - Chris Tierney wins face-off versus Kevin Hayes in Canucks zone.
11:52 of 1st period - Wrist shot by Niclas Bergfors.
11:52 of 1st period - Shot Misses the Net.
12:18 of 1st period - Slapshot by Kevin Hayes.
12:18 of 1st period - Shot Blocked by Curtis Lazar.
12:20 of 1st period - Snap shot by Samuel Morin.
12:20 of 1st period - Stopped by Thatcher Demko with a rebound.
12:22 of 1st period - Snap shot by Kasperi Kapanen.
12:22 of 1st period - Stopped by Thatcher Demko with a rebound.
12:38 of 1st period - Snap shot by Luke Glendening.
12:38 of 1st period - Deflect By Michael Bournival.
12:38 of 1st period - Shot Misses the Net.
12:38 of 1st period - Puck is out of play.
12:39 of 1st period - Mark Jankowski wins face-off versus Jordan Nolan in Canucks zone.
12:46 of 1st period - Snap shot by Mark Jankowski.
12:46 of 1st period - Stopped by Steve Mason without a rebound.
12:47 of 1st period - Yanni Gourde wins face-off versus Jordan Nolan in Mammoth zone.
12:52 of 1st period - Slapshot by Yanni Gourde.
12:52 of 1st period - Stopped by Steve Mason with a rebound.
13:08 of 1st period - Wrist shot by Yanni Gourde.
13:08 of 1st period - Stopped by Steve Mason with a rebound.
13:14 of 1st period - Snap shot by Jordan Nolan.
13:14 of 1st period - Shot Blocked by Travis Hamonic.
13:16 of 1st period - Slapshot by Travis Konecny.
13:16 of 1st period - Shot Blocked by Oliver Ekman-Larsson.
13:18 of 1st period - Backhand shot by Travis Konecny.
13:18 of 1st period - Stopped by Thatcher Demko without a rebound.
13:19 of 1st period - Chris Tierney wins face-off versus Kevin Hayes in Canucks zone.
14:19 of 1st period - Snap shot by Travis Konecny.
14:19 of 1st period - Shot Misses the Net.
14:21 of 1st period - Slapshot by Nick Ritchie.
14:21 of 1st period - Shot Misses the Net.
14:23 of 1st period - Slapshot by Brian Lashoff.
14:23 of 1st period - Stopped by Thatcher Demko without a rebound.
14:24 of 1st period - Calle Jarnkrok wins face-off versus Chris Tierney in Canucks zone.
14:29 of 1st period - Snap shot by Max Pacioretty.
14:29 of 1st period - Shot Misses the Net.
14:31 of 1st period - Snap shot by Calle Jarnkrok.
14:31 of 1st period - Stopped by Thatcher Demko without a rebound.
14:32 of 1st period - Calle Jarnkrok wins face-off versus Chris Tierney in Canucks zone.
14:47 of 1st period - Tony DeAngelo is hit by Niclas Bergfors and loses puck.
15:16 of 1st period - Snap shot by J.T. Miller.
15:16 of 1st period - Stopped by Steve Mason without a rebound.
15:17 of 1st period - Jordan Nolan wins face-off versus Yanni Gourde in Mammoth zone.
15:17 of 1st period - Jordan Nolan is hit by Travis Hamonic.
17:56 of 1st period - Nick Ritchie is hit by Jordan Eberle and loses puck.
18:21 of 1st period - Wrist shot by J.T. Miller.
18:21 of 1st period - Stopped by Steve Mason without a rebound.
18:22 of 1st period - Yanni Gourde wins face-off versus Jordan Nolan in Mammoth zone.
18:25 of 1st period - Snap shot by Yanni Gourde.
18:25 of 1st period - Stopped by Steve Mason without a rebound.
18:26 of 1st period - Jordan Nolan wins face-off versus Yanni Gourde in Mammoth zone.
19:24 of 1st period - Wrist shot by Chris Tierney.
19:24 of 1st period - Shot Misses the Net.
Goals for this period are 0 for Canucks vs 0 for Mammoth.
Shots for this period are 11 for Canucks vs 13 for Mammoth.
2nd period
0:01 of 2nd period - Chris Tierney wins face-off versus Jordan Nolan in neutral zone.
0:37 of 2nd period - Wrist shot by Yanni Gourde.
0:37 of 2nd period - Stopped by Steve Mason without a rebound.
0:38 of 2nd period - Chris Tierney wins face-off versus Kevin Hayes in Mammoth zone.
0:39 of 2nd period - Snap shot by J.T. Miller.
0:39 of 2nd period - Stopped by Steve Mason with a rebound.
0:45 of 2nd period - Tyler Cuma is hit by Cal Foote and loses puck.
1:03 of 2nd period - Icing by J.T. Miller.
1:04 of 2nd period - Jordan Nolan wins face-off versus Mark Jankowski in Canucks zone.
1:07 of 2nd period - Slapshot by Jordan Nolan.
1:07 of 2nd period - Stopped by Thatcher Demko without a rebound.
1:08 of 2nd period - Yanni Gourde wins face-off versus Jordan Nolan in Canucks zone.
1:08 of 2nd period - Yanni Gourde is hit by Jordan Nolan.
1:37 of 2nd period - Minor Penalty to Nick Ritchie for Roughing.
1:38 of 2nd period - Luke Glendening wins face-off versus Chris Tierney in Mammoth zone.
2:15 of 2nd period - Wrist shot by Brock Boeser.
2:15 of 2nd period - Shot Misses the Net.
2:17 of 2nd period - Slapshot by Mark Jankowski.
2:17 of 2nd period - Stopped by Steve Mason without a rebound.
2:18 of 2nd period - Luke Glendening wins face-off versus Chris Tierney in Mammoth zone.
2:31 of 2nd period - Snap shot by Jordan Eberle.
2:31 of 2nd period - Shot Blocked by Cal Foote.
2:33 of 2nd period - Snap shot by Chris Tierney.
2:33 of 2nd period - Stopped by Steve Mason with a rebound.
2:49 of 2nd period - Wrist shot by Yanni Gourde.
2:49 of 2nd period - Shot Blocked by Luke Glendening.
3:37 of 2nd period - Penalty to Nick Ritchie is over, Nick Ritchie is back on ice.
3:53 of 2nd period - Wrist shot by Daniel Zaar.
3:53 of 2nd period - Deflect By Ryan O'Reilly.
3:53 of 2nd period - Shot Misses the Net.
3:53 of 2nd period - Puck is out of play.
3:54 of 2nd period - Jordan Nolan wins face-off versus Nicolas Petan in Mammoth zone.
4:19 of 2nd period - Jacob Trouba is hit by Yanni Gourde and loses puck.
6:06 of 2nd period - Jordan Eberle is hit by Max Pacioretty and loses puck.
6:47 of 2nd period - Minor Penalty to Blake Heinrich for High sticking.
6:48 of 2nd period - Chris Tierney wins face-off versus Luke Glendening in Mammoth zone.
6:52 of 2nd period - Snap shot by Jordan Eberle.
6:52 of 2nd period - Deflect By J.T. Miller.
6:52 of 2nd period - Stopped by Steve Mason without a rebound.
6:53 of 2nd period - Jordan Eberle wins face-off versus Luke Glendening in Mammoth zone.
7:10 of 2nd period - Wrist shot by Chris Tierney.
7:10 of 2nd period - Stopped by Steve Mason without a rebound.
7:11 of 2nd period - Luke Glendening wins face-off versus Yanni Gourde in Mammoth zone.
7:51 of 2nd period - Icing by J.T. Miller.
7:52 of 2nd period - Luke Glendening wins face-off versus J.T. Miller in Canucks zone.
8:11 of 2nd period - Snap shot by Yanni Gourde.
8:11 of 2nd period - Shot Blocked by Cal Foote.
8:13 of 2nd period - Slapshot by Travis Hamonic.
8:13 of 2nd period - Shot Blocked by Cal Foote.
8:47 of 2nd period - Penalty to Blake Heinrich is over, Blake Heinrich is back on ice.
9:03 of 2nd period - Slapshot by Travis Konecny.
9:03 of 2nd period - Shot Blocked by Tony DeAngelo.
9:05 of 2nd period - Wrist shot by Nathan Beaulieu.
9:05 of 2nd period - Shot Misses the Net.
9:23 of 2nd period - Ryan Lomberg is hit by Kevin Hayes and loses puck.
9:36 of 2nd period - Calle Jarnkrok is hit by Tyler Cuma and loses puck.
10:17 of 2nd period - Chris Tierney is hit by Cal Foote and loses puck.
12:01 of 2nd period - Oliver Ekman-Larsson is hit by Calle Jarnkrok and loses puck.
12:41 of 2nd period - Wrist shot by Ryan Lomberg.
12:41 of 2nd period - Stopped by Steve Mason with a rebound.
13:01 of 2nd period - Travis Konecny is hit by Chris Tierney and loses puck.
13:58 of 2nd period - Slapshot by J.T. Miller.
13:58 of 2nd period - Shot Misses the Net.
14:10 of 2nd period - Hampus Lindholm is hit by Brock Boeser and loses puck.
14:19 of 2nd period - Slapshot by Max Pacioretty.
14:19 of 2nd period - Stopped by Thatcher Demko without a rebound.
14:20 of 2nd period - Jordan Nolan wins face-off versus Chris Tierney in Canucks zone.
14:54 of 2nd period - Wrist shot by Kasperi Kapanen.
14:54 of 2nd period - Goal by Kasperi Kapanen - Canucks : 0 - Mammoth : 1.
14:55 of 2nd period - Chris Tierney wins face-off versus Jordan Nolan in neutral zone.
15:00 of 2nd period - Slapshot by J.T. Miller.
15:00 of 2nd period - Shot Misses the Net.
15:29 of 2nd period - Icing by Tony DeAngelo.
15:30 of 2nd period - Yanni Gourde wins face-off versus Kevin Hayes in Canucks zone.
15:55 of 2nd period - Wrist shot by Tony DeAngelo.
15:55 of 2nd period - Shot Misses the Net.
15:57 of 2nd period - Wrist shot by Yanni Gourde.
15:57 of 2nd period - Shot Misses the Net.
15:59 of 2nd period - Slapshot by Tony DeAngelo.
15:59 of 2nd period - Shot Blocked by Brian Lashoff.
16:01 of 2nd period - Backhand shot by Mark Jankowski.
16:01 of 2nd period - Stopped by Steve Mason with a rebound.
16:03 of 2nd period - Snap shot by Tony DeAngelo.
16:03 of 2nd period - Stopped by Steve Mason with a rebound.
16:41 of 2nd period - Wrist shot by Yanni Gourde.
16:41 of 2nd period - Goal by Yanni Gourde - Canucks : 1 - Mammoth : 1.
16:42 of 2nd period - Jordan Nolan wins face-off versus Chris Tierney in neutral zone.
17:41 of 2nd period - Wrist shot by Niclas Bergfors.
17:41 of 2nd period - Stopped by Thatcher Demko without a rebound.
17:42 of 2nd period - Chris Tierney wins face-off versus Calle Jarnkrok in Canucks zone.
18:09 of 2nd period - Brock Boeser is hit by Kevin Hayes and loses puck.
18:38 of 2nd period - Wrist shot by Daniel Zaar.
18:38 of 2nd period - Shot Misses the Net.
18:40 of 2nd period - Slapshot by Travis Hamonic.
18:40 of 2nd period - Stopped by Steve Mason without a rebound.
18:41 of 2nd period - Nick Ritchie wins face-off versus Chris Tierney in Mammoth zone.
18:48 of 2nd period - Wrist shot by J.T. Miller.
18:48 of 2nd period - Stopped by Steve Mason with a rebound.
18:50 of 2nd period - Wrist shot by Chris Tierney.
18:50 of 2nd period - Stopped by Steve Mason with a rebound.
19:00 of 2nd period - Tyler Cuma is hit by Nick Ritchie and loses puck.
19:29 of 2nd period - Minor Penalty to Kevin Hayes for Interference.
19:30 of 2nd period - Chris Tierney wins face-off versus Samuel Morin in Mammoth zone.
Goals for this period are 1 for Canucks vs 1 for Mammoth.
Shots for this period are 13 for Canucks vs 4 for Mammoth.
3rd period
0:01 of 3rd period - Chris Tierney wins face-off versus Luke Glendening in neutral zone.
0:36 of 3rd period - Slapshot by Oliver Ekman-Larsson.
0:36 of 3rd period - Shot Blocked by Jacob Trouba.
1:29 of 3rd period - Penalty to Kevin Hayes is over, Kevin Hayes is back on ice.
2:00 of 3rd period - Samuel Morin is hit by Ben Harpur and loses puck.
3:37 of 3rd period - Mark Jankowski is hit by Hampus Lindholm and loses puck.
4:38 of 3rd period - Snap shot by Kevin Hayes.
4:38 of 3rd period - Stopped by Thatcher Demko with a rebound.
4:40 of 3rd period - Snap shot by Brian Lashoff.
4:40 of 3rd period - Shot Blocked by Jake Dotchin.
5:11 of 3rd period - Icing by J.T. Miller.
5:12 of 3rd period - Jordan Nolan wins face-off versus Nicolas Petan in Canucks zone.
5:29 of 3rd period - Snap shot by Hampus Lindholm.
5:29 of 3rd period - Shot Blocked by Curtis Lazar.
6:24 of 3rd period - Off-side.
6:25 of 3rd period - Ryan O'Reilly wins face-off versus Calle Jarnkrok in neutral zone.
6:39 of 3rd period - Wrist shot by Calle Jarnkrok.
6:39 of 3rd period - Shot Misses the Net.
6:41 of 3rd period - Minor Penalty to Ryan O'Reilly for Hooking.
6:42 of 3rd period - Jordan Nolan wins face-off versus J.T. Miller in Canucks zone.
6:45 of 3rd period - Snap shot by Nick Ritchie.
6:45 of 3rd period - Shot Misses the Net.
6:47 of 3rd period - Slapshot by Hampus Lindholm.
6:47 of 3rd period - Shot Misses the Net.
6:49 of 3rd period - Slapshot by Hampus Lindholm.
6:49 of 3rd period - Shot Blocked by Travis Hamonic.
6:51 of 3rd period - Slapshot by Hampus Lindholm.
6:51 of 3rd period - Deflect By Travis Hamonic.
6:51 of 3rd period - Stopped by Thatcher Demko with a rebound.
6:53 of 3rd period - Slapshot by Hampus Lindholm.
6:53 of 3rd period - Deflect By Jordan Eberle.
6:53 of 3rd period - Stopped by Thatcher Demko with a rebound.
6:55 of 3rd period - Snap shot by Nick Ritchie.
6:55 of 3rd period - Stopped by Thatcher Demko with a rebound.
6:57 of 3rd period - Slapshot by Travis Konecny.
6:57 of 3rd period - Shot Misses the Net.
6:59 of 3rd period - Snap shot by Hampus Lindholm.
6:59 of 3rd period - Deflect By Travis Konecny.
6:59 of 3rd period - Shot Blocked by Oliver Ekman-Larsson.
6:59 of 3rd period - Puck is out of play.
7:00 of 3rd period - J.T. Miller wins face-off versus Kevin Hayes in Canucks zone.
7:11 of 3rd period - Snap shot by Jordan Eberle.
7:11 of 3rd period - Shot Misses the Net.
7:13 of 3rd period - Snap shot by Oliver Ekman-Larsson.
7:13 of 3rd period - Shot Blocked by Kasperi Kapanen.
7:49 of 3rd period - Yanni Gourde is hit by Jordan Nolan and loses puck.
8:04 of 3rd period - Slapshot by Nick Ritchie.
8:04 of 3rd period - Shot Misses the Net.
8:06 of 3rd period - Slapshot by Nick Ritchie.
8:06 of 3rd period - Stopped by Thatcher Demko without a rebound.
8:07 of 3rd period - J.T. Miller wins face-off versus Kevin Hayes in Canucks zone.
8:24 of 3rd period - Slapshot by Samuel Morin.
8:24 of 3rd period - Stopped by Thatcher Demko without a rebound.
8:25 of 3rd period - J.T. Miller wins face-off versus Kevin Hayes in Canucks zone.
8:41 of 3rd period - Penalty to Ryan O'Reilly is over, Ryan O'Reilly is back on ice.
8:52 of 3rd period - Chris Tierney is hit by Samuel Morin and loses puck.
9:04 of 3rd period - Snap shot by Kasperi Kapanen.
9:04 of 3rd period - Shot Blocked by Oliver Ekman-Larsson.
9:06 of 3rd period - Wrist shot by Kasperi Kapanen.
9:06 of 3rd period - Deflect By Samuel Morin.
9:06 of 3rd period - Stopped by Thatcher Demko without a rebound.
9:07 of 3rd period - Nicolas Petan wins face-off versus Jordan Nolan in Canucks zone.
9:41 of 3rd period - Wrist shot by Niclas Bergfors.
9:41 of 3rd period - Shot Misses the Net.
9:43 of 3rd period - Slapshot by Jacob Trouba.
9:43 of 3rd period - Deflect By Niclas Bergfors.
9:43 of 3rd period - Shot Misses the Net.
9:43 of 3rd period - Puck is out of play.
9:44 of 3rd period - Chris Tierney wins face-off versus Travis Konecny in Canucks zone.
10:37 of 3rd period - Wrist shot by Ryan O'Reilly.
10:37 of 3rd period - Shot Misses the Net.
10:39 of 3rd period - Snap shot by Daniel Zaar.
10:39 of 3rd period - Deflect By Ryan Lomberg.
10:39 of 3rd period - Shot Misses the Net.
10:39 of 3rd period - Puck is out of play.
10:40 of 3rd period - Jordan Nolan wins face-off versus Chris Tierney in Mammoth zone.
11:06 of 3rd period - Samuel Morin is hit by Yanni Gourde and loses puck.
11:30 of 3rd period - Snap shot by Ryan Lomberg.
11:30 of 3rd period - Shot Blocked by Calle Jarnkrok.
12:09 of 3rd period - Minor Penalty to Blake Heinrich for Diving.
12:10 of 3rd period - Chris Tierney wins face-off versus Samuel Morin in Mammoth zone.
14:09 of 3rd period - Penalty to Blake Heinrich is over, Blake Heinrich is back on ice.
14:16 of 3rd period - Wrist shot by Nick Ritchie.
14:16 of 3rd period - Shot Misses the Net.
14:18 of 3rd period - Wrist shot by Travis Konecny.
14:18 of 3rd period - Stopped by Thatcher Demko with a rebound.
14:20 of 3rd period - Wrist shot by Jordan Nolan.
14:20 of 3rd period - Shot Misses the Net.
14:22 of 3rd period - Slapshot by Nick Ritchie.
14:22 of 3rd period - Shot Misses the Net.
14:24 of 3rd period - Snap shot by Jordan Nolan.
14:24 of 3rd period - Deflect By Nick Ritchie.
14:24 of 3rd period - Shot Misses the Net.
14:24 of 3rd period - Puck is out of play.
14:25 of 3rd period - Ryan O'Reilly wins face-off versus Jordan Nolan in Canucks zone.
14:56 of 3rd period - Snap shot by Kevin Hayes.
14:56 of 3rd period - Stopped by Thatcher Demko without a rebound.
14:57 of 3rd period - Nicolas Petan wins face-off versus Kevin Hayes in Canucks zone.
15:15 of 3rd period - Slapshot by Kevin Hayes.
15:15 of 3rd period - Shot Misses the Net.
15:17 of 3rd period - Slapshot by Samuel Morin.
15:17 of 3rd period - Deflect By Kevin Hayes.
15:17 of 3rd period - Goal by Kevin Hayes - Canucks : 1 - Mammoth : 2.
15:18 of 3rd period - Chris Tierney wins face-off versus Calle Jarnkrok in neutral zone.
15:25 of 3rd period - Hampus Lindholm is hit by Oliver Ekman-Larsson and loses puck.
16:50 of 3rd period - Slapshot by Nicolas Petan.
16:50 of 3rd period - Shot Blocked by Max Pacioretty.
17:18 of 3rd period - Wrist shot by Travis Konecny.
17:18 of 3rd period - Stopped by Thatcher Demko without a rebound.
17:19 of 3rd period - Chris Tierney wins face-off versus Kevin Hayes in Canucks zone.
17:19 of 3rd period - Chris Tierney is hit by Samuel Morin.
17:29 of 3rd period - Snap shot by J.T. Miller.
17:29 of 3rd period - Shot Blocked by Jacob Trouba.
17:31 of 3rd period - Snap shot by Chris Tierney.
17:31 of 3rd period - Stopped by Steve Mason without a rebound.
17:32 of 3rd period - Ryan O'Reilly wins face-off versus Calle Jarnkrok in Mammoth zone.
17:33 of 3rd period - Slapshot by Daniel Zaar.
17:33 of 3rd period - Shot Misses the Net.
17:35 of 3rd period - Slapshot by Travis Hamonic.
17:35 of 3rd period - Stopped by Steve Mason without a rebound.
17:36 of 3rd period - Ryan O'Reilly wins face-off versus Niclas Bergfors in Mammoth zone.
18:11 of 3rd period - Slapshot by Jacob Trouba.
18:11 of 3rd period - Deflect By Jordan Nolan.
18:11 of 3rd period - Shot Misses the Net.
18:11 of 3rd period - Puck is out of play.
18:12 of 3rd period - Jordan Nolan wins face-off versus Chris Tierney in Canucks zone.
18:23 of 3rd period - Wrist shot by Chris Tierney.
18:23 of 3rd period - Stopped by Steve Mason without a rebound.
18:24 of 3rd period - Calle Jarnkrok wins face-off versus Ryan O'Reilly in Mammoth zone.
18:50 of 3rd period - J.T. Miller is hit by Kevin Hayes and loses puck.
19:15 of 3rd period - Canucks, Thatcher Demko is pulled from the net.
19:35 of 3rd period - Wrist shot by Samuel Morin.
19:35 of 3rd period - Shot Misses the Net.
19:37 of 3rd period - Snap shot by Samuel Morin.
19:37 of 3rd period - Goal by Samuel Morin - Canucks : 1 - Mammoth : 3.
19:37 of 3rd period - Thatcher Demko from Canucks was sent back in the game.
19:38 of 3rd period - Calle Jarnkrok wins face-off versus Chris Tierney in neutral zone.
Goals for this period are 0 for Canucks vs 2 for Mammoth.
Shots for this period are 3 for Canucks vs 12 for Mammoth.